[Event "Late-Titled-Tuesday-Blitz-October-03-2023"]
[Site "Chess.com"]
[Date "2023.10.03"]
[Round "6"]
[White "louis198"]
[Black "Giorno"]
[Result "1-0"]
[WhiteElo "2628"]
[BlackElo "2504"]
[TimeControl "180+1"]
[EndTime "15:02:51 PDT"]
[Termination "louis198 won by checkmate"]

1. d4 Nf6 2. Bf4 Nh5 3. Bg3 Nxg3 4. hxg3 c5 5. c3 cxd4 6. cxd4 d5 7. Nc3 Nc6 8. e3 g6 9. Bd3 Bg7 10. Nf3 Bg4 11. Qb3 Bxf3 12. gxf3 O-O 13. Nxd5 e5 14. dxe5 Qa5+ 15. Kf1 Nxe5 16. Be4 Kh8 17. f4 Nd7 18. Bf3 Nc5 19. Qc2 Rac8 20. b4 Qa3 21. Rc1 Nb3 22.
Qxc8 Nxc1 23. Qxb7 Qxa2 24. Qc6 Qd2 25. Kg2 Nd3 26.
Rf1 Ne1+ 27. Rxe1 Qxe1 28. b5 Qa5 29. e4 Bd4 30. e5 Qd2 31. Qf6+ Kg8 32. Ne7# 1-0

[Event "Late-Titled-Tuesday-Blitz-October-03-2023"]
[Site "Chess.com"]
[Date "2023.10.03"]
[Round "6"]
[White "Njal28"]
[Black "NMJeevanK"]
[Result "1-0"]
[WhiteElo "3087"]
[BlackElo "2561"]
[TimeControl "180+1"]
[EndTime "15:02:52 PDT"]
[Termination "Njal28 won by resignation"]

1. d4 d6 2. e4 Nf6 3. Nc3 e5 4. Nf3 Nbd7 5. Bc4 Be7 6. O-O O-O 7. Re1 a6 8. a4 b6 9. Bg5 Bb7 10. Bb3 c6 11. Qd2 Qc7 12. Rad1 Rfe8 13. dxe5 dxe5 14. Bxf6 Nxf6 15. Ng5 Rf8 16. Qe2 Bc8 17. Qc4 Bc5 18.
Nxf7 Rxf7 19. Qxf7+ Qxf7 20. Rd8+ Bf8 21. Bxf7+ Kxf7 22.
Red1 Bb4 23. Rh8 Bf8 24. Rd8 Bb7 25. Rhxf8+ 1-0

[Event "Late-Titled-Tuesday-Blitz-October-03-2023"]
[Site "Chess.com"]
[Date "2023.10.03"]
[Round "6"]
[White "Vaathi_Coming"]
[Black "biostatistician"]
[Result "1-0"]
[WhiteElo "2892"]
[BlackElo "2637"]
[TimeControl "180+1"]
[EndTime "15:02:56 PDT"]
[Termination "Vaathi_Coming won by resignation"]

1. Nf3 Nf6 2. e3 g6 3. b3 Bg7 4. Bb2 O-O 5. Be2 b6 6. O-O Bb7 7.
c4 c5 8. Nc3 d5 9. Nxd5 Nxd5 10.
Bxg7 Kxg7 11. cxd5 Qxd5 12. d4 Nc6 13. dxc5 Qxc5 14. Rc1 Qf5 15. Nd4 Nxd4 16. Qxd4+ e5 17. Qg4 Qxg4 18. Bxg4 f5 19. Be2 Rac8 20. f3 Kf6 21. Rfd1 f4 22. Kf2 g5 23. Rxc8 Rxc8 24. Rd7 Bc6 25. Rxa7 h5 26. Ra6 Rb8 27. a4 Ke6 28. Ra7 Bd5 29. b4 Rc8 30. Ra6 Rc2 31. Rxb6+ Ke7 32. Rb5 Bc4 33. Rxe5+ Kd6 34. exf4 gxf4 35.
Re4 Bb3 36. a5 Ra2 37. Rxf4 Bd1 38. Rd4+ 1-0

[Event "Late-Titled-Tuesday-Blitz-October-03-2023"]
[Site "Chess.com"]
[Date "2023.10.03"]
[Round "6"]
[White "acertijo08"]
[Black "talaicito"]
[Result "1-0"]
[WhiteElo "2339"]
[BlackElo "2175"]
[TimeControl "180+1"]
[EndTime "15:02:57 PDT"]
[Termination "acertijo08 won on time"]

1. e4 c5 2. Nf3 d6 3. d4 cxd4 4. Nxd4 Nf6 5. Nc3 g6 6. Be3 Bg7 7. f3 O-O 8. Qd2 Nc6 9. Bc4 Bd7 10. O-O-O Rc8 11. Bb3 Nxd4 12. Bxd4 b5 13. g4 a5 14. a4 bxa4 15. Nxa4 Bxa4 16. Bxa4 Rc4 17. Bb3 Nxe4 18. Qe3 Bxd4 19. Rxd4 Rxd4 20. Qxd4 Nc5 21. Bc4 Qb6 22. Kb1 Rb8 23. h4 e5 24. Qc3 Na4 25. Qb3 Nc5 26.
Bxf7+ Kg7 27. Qxb6 Rxb6 28. Bd5 Na4 29. Bb3 Nc5 30.
Bc4 Rb4 31. b3 Kf6 32. h5 g5 33. Rd1 Ke7 34. h6 a4 35. Kb2 axb3 36. cxb3 Ne6 37.
Kc3 Rb7 38. Bxe6 Kxe6 39. Ra1 Kd5 40. Ra5+ Ke6 41. Ra8 Kf6 42. Rd8 Ke6 43. b4 d5 44.
Re8+ 1-0

[Event "Late-Titled-Tuesday-Blitz-October-03-2023"]
[Site "Chess.com"]
[Date "2023.10.03"]
[Round "6"]
[White "Sanyura"]
[Black "Grossboss19"]
[Result "1-0"]
[WhiteElo "2668"]
[BlackElo "2518"]
[TimeControl "180+1"]
[EndTime "15:03:02 PDT"]
[Termination "Sanyura won on time"]

1. e4 c5 2. Nf3 Nc6 3. d4 cxd4 4. Nxd4 Nf6 5. Nc3 d6 6. Bg5 e6 7. Qd2 h6 8. Be3 Bd7 9. f3 a6 10. O-O-O b5 11. g4 Nxd4 12. Qxd4 Bc6 13. g5 hxg5 14.
Bxg5 Be7 15. h4 Qc7 16. h5 Rxh5 17. Rxh5 Nxh5 18. Bxe7 Kxe7 19. e5 dxe5 20. Qc5+ Ke8 21. Ne4 Nf4 22. Nd6+ Kf8 23. Nf5+ Kg8 24. Ne7+ Kh7 25.
Bxb5 g6 26. Bxc6 Re8 27. Rd7 Qb8 28. b3 Kg7 29. Rb7 Qd8 30. Bxe8 Qxe8 31. Qxe5+ f6 32. Nf5+ 1-0

[Event "Late-Titled-Tuesday-Blitz-October-03-2023"]
[Site "Chess.com"]
[Date "2023.10.03"]
[Round "6"]
[White "ozates"]
[Black "Sjakkerntobi"]
[Result "1-0"]
[WhiteElo "2636"]
[BlackElo "2506"]
[TimeControl "180+1"]
[EndTime "15:03:10 PDT"]
[Termination "ozates won by resignation"]

1. e4 e6 2. d4 d5 3. Nd2 a6 4. e5 c5 5. c3 Nc6 6. Ne2 Nge7 7.
f4 Nf5 8. Nf3 cxd4 9. cxd4 Bb4+ 10. Kf2 f6 11. g4 Nh6 12. Kg3 O-O 13. Be3 Bd7 14. a3 Ba5 15. exf6 Qxf6 16. Ne5 Nxe5 17. dxe5 Qg6 18. Nd4 Bb6 19. Bd3 Qe8 20. h4 Bb5 21. Bc2 Rc8 22. a4 Bd7 23. Qd3 g6 24. h5 Kg7 25. hxg6 hxg6 26. f5 Nxg4 27. f6+ Nxf6 28. exf6+ Rxf6 29. Bg5 Bc7+ 30. Kg2 e5 31. Bxf6+ Kxf6 32. Raf1+ Kg7 33. Qe3 1-0

[Event "Late-Titled-Tuesday-Blitz-October-03-2023"]
[Site "Chess.com"]
[Date "2023.10.03"]
[Round "6"]
[White "lemures27"]
[Black "jguerramzllo"]
[Result "1-0"]
[WhiteElo "2472"]
[BlackElo "2697"]
[TimeControl "180+1"]
[EndTime "15:03:16 PDT"]
[Termination "lemures27 won on time"]

1. d4 d5 2. Nf3 Nf6 3. c4 e6 4.
Bg5 Be7 5. e3 O-O 6. Nc3 Nbd7 7.
Rc1 h6 8. Bxf6 Nxf6 9. Be2 dxc4 10. Bxc4 c5 11. O-O a6 12. a4 cxd4 13. exd4 Qb6 14. Qc2 Rd8 15. Rfd1 Bd7 16. d5 Rac8 17. dxe6 Bxe6 18.
Bxe6 Qxe6 19. Re1 Qd6 20. Qb3 Qb4 21. Qa2 Bd6 22. Rcd1 Bb8 23. g3 Rxd1 24. Rxd1 Qg4 25.
Kg2 Nh5 26. Nd5 Kh8 27. h3 Qe6 28. Re1 Qd6 29. Ne7 Rf8 30. Nf5 Qf6 31. Qd5 Kh7 32.
Ne7 g6 33. Qxb7 Kg7 34. Nc6 Bd6 35. Ncd4 Bc5 36. Qd5 Bxd4 37. Qxd4 Rb8 38. Re2 1-0

[Event "Late-Titled-Tuesday-Blitz-October-03-2023"]
[Site "Chess.com"]
[Date "2023.10.03"]
[Round "6"]
[White "Alina_Gumerovna"]
[Black "Bala-Afiada"]
[Result "1-0"]
[WhiteElo "2112"]
[BlackElo "1922"]
[TimeControl "180+1"]
[EndTime "15:03:16 PDT"]
[Termination "Alina_Gumerovna won by checkmate"]

1. e4 c5 2. c4 Nc6 3. Nc3 e6 4. g3 Nge7 5. Bg2 Nd4 6. d3 Nec6 7. Nge2 g6 8. O-O Bg7 9. Be3 O-O 10. Qd2 d6 11. Bh6 f5 12. Bxg7 Kxg7 13. exf5 Rxf5 14. f4 Qf6 15. Ne4 Nxe2+ 16. Qxe2 Qd4+ 17. Kh1 Bd7 18. Rae1 Raf8 19. Bh3 Rh5 20. Bg4 Rh6 21. Ng5 Nd8 22. Bxe6 Bc6+ 23. Bd5 Bxd5+ 24. cxd5 Qxd5+ 25. Qe4 Qxe4+ 26. Nxe4 Nf7 27. Kg2 b6 28. Nc3 Rh5 29. Re7 Rf5 30.
Rxa7 Kf6 31. Ne4+ Ke6 32. Ra6 Kd5 33. Rxb6 Nh6 34. Rxd6# 1-0

[Event "Late-Titled-Tuesday-Blitz-October-03-2023"]
[Site "Chess.com"]
[Date "2023.10.03"]
[Round "6"]
[White "vanyakuba"]
[Black "Triumphmate"]
[Result "0-1"]
[WhiteElo "2372"]
[BlackElo "2505"]
[TimeControl "180+1"]
[EndTime "15:03:17 PDT"]
[Termination "Triumphmate won on time"]

1. e4 d5 2. exd5 Nf6 3. c4 c6 4.
d4 cxd5 5. Nc3 Nc6 6. Bg5 Bg4 7. f3 Bf5 8. a3 e6 9. c5 Be7 10. b4 a6 11. b5 axb5 12. Bxb5 O-O 13. Nge2 Qa5 14.
O-O Rfc8 15. g4 Nxd4 16. Nxd4 Qxc3 17. Rc1 Qxa3 18. gxf5 e5 19. Nb3 Bxc5+ 20. Kh1 Be7 21. Bxf6 Bxf6 22. Qxd5 Rxc1 23. Rxc1 Rd8 24. Qc4 h6 25.
Kg2 Qb2+ 26. Qc2 Qa3 27. Qc4 Bg5 28. Rc2 Rd1 29. Re2 Qd6 30. Nc5 Qb6 31. Rf2 Be3 32.
Rc2 Rg1+ 33. Kh3 Qf6 34. Qe4 Qg5 35. Nd7 Qg2+ 0-1

[Event "Late-Titled-Tuesday-Blitz-October-03-2023"]
[Site "Chess.com"]
[Date "2023.10.03"]
[Round "6"]
[White "Road2GM3000"]
[Black "Lion_DL"]
[Result "1-0"]
[WhiteElo "2375"]
[BlackElo "2478"]
[TimeControl "180+1"]
[EndTime "15:03:18 PDT"]
[Termination "Road2GM3000 won by checkmate"]

1. d4 Nf6 2. c4 Nc6 3. Nc3 e5 4. dxe5 Nxe5 5. e3 Bb4 6. Nf3 Ng6 7. Bd3 O-O 8. Bd2 a5 9. a3 Be7 10. O-O d6 11. Nd5 c6 12. Nxe7+ Qxe7 13. Bc3 Rd8 14. Qc2 Bg4 15. Nd4 Ne5 16. h3 Nxd3 17. Qxd3 Bd7 18. Rfd1 d5 19. cxd5 Nxd5 20. Nf5 Bxf5 21.
Qxf5 Nxc3 22. bxc3 g6 23. Qf3 Qe5 24. c4 a4 25. Rab1 Rxd1+ 26. Rxd1 Qe6 27. Rb1 Rb8 28. Qf4 Qe8 29. c5 Qc8 30. Qxa4 Ra8 31. Qb3 Qf5 32. Qxb7 Rxa3 33. Qb8+ Kg7 34. Qb2+ Kh6 35. g4 Qd3 36. Qb8 Ra2 37. Qf8+ Kg5 38. Rf1 h5 39. Qxf7 Ra4 40.
Qe7+ Kh6 41. g5# 1-0

[Event "Late-Titled-Tuesday-Blitz-October-03-2023"]
[Site "Chess.com"]
[Date "2023.10.03"]
[Round "6"]
[White "Garmendiarov"]
[Black "onnoelgersma"]
[Result "1-0"]
[WhiteElo "2332"]
[BlackElo "2515"]
[TimeControl "180+1"]
[EndTime "15:03:19 PDT"]
[Termination "Garmendiarov won on time"]

1. e4 c6 2. d4 d5 3. exd5 cxd5 4. Bd3 Nc6 5. c3 Qc7 6. Ne2 Bd7 7. Bf4 Qc8 8. Nd2 e6 9. Nf3 Nf6 10. h3 Be7 11. O-O O-O 12. Re1 Ne4 13. Bxe4 dxe4 14. Ne5 Nxe5 15. Bxe5 f6 16. Bh2 Bc6 17. Ng3 f5 18.
Ne2 Bg5 19. Bf4 Bf6 20. Be5 Qe8 21. Nf4 Rd8 22. Bxf6 Rxf6 23. Qb3 g5 24. d5 Bxd5 25. Nxd5 exd5 26. Qxb7 f4 27. Rad1 Qe6 28. Qxa7 f3 29. g4 Rh6 30. Qc7 Rd7 31. Qg3 Rh4 32. Qxf3 Qh6 33.
Qf5 1-0

[Event "Late-Titled-Tuesday-Blitz-October-03-2023"]
[Site "Chess.com"]
[Date "2023.10.03"]
[Round "6"]
[White "Ali_rastbod"]
[Black "angryspacevoid"]
[Result "1-0"]
[WhiteElo "2712"]
[BlackElo "2541"]
[TimeControl "180+1"]
[EndTime "15:03:20 PDT"]
[Termination "Ali_rastbod won by checkmate"]

1. e4 c5 2. Nf3 a6 3. c3 Nf6 4. e5 Nd5 5. d4 cxd4 6. Bc4 e6 7. Bxd5 exd5 8. Qxd4 d6 9. Qxd5 Nc6 10. exd6 Bxd6 11.
Bg5 Qc7 12. O-O O-O 13. Nbd2 Bg4 14. h3 Bh5 15. Rfe1 Rfe8 16. Bh4 Bg6 17. Nc4 Bf4 18.
Rad1 h6 19. Rxe8+ Rxe8 20. Re1 Rxe1+ 21. Nxe1 Qc8 22. Bg3 Bxg3 23. fxg3 Qe8 24. Kf2 Qe7 25. Nf3 Qc7 26. Qd6 Qc8 27. g4 Bb1 28. a3 Ba2 29. Nce5 Nd8 30. Qe7 Be6 31. g5 hxg5 32. Nxg5 f6 33.
Qe8# 1-0

[Event "Late-Titled-Tuesday-Blitz-October-03-2023"]
[Site "Chess.com"]
[Date "2023.10.03"]
[Round "6"]
[White "PapaieDudu"]
[Black "WPWPWP-2015"]
[Result "0-1"]
[WhiteElo "2381"]
[BlackElo "2507"]
[TimeControl "180+1"]
[EndTime "15:03:22 PDT"]
[Termination "WPWPWP-2015 won on time"]

1. e4 c5 2. Nf3 d6 3. d4 cxd4 4. Nxd4 Nf6 5. Nc3 a6 6. f3 e5 7. Nb3 h5 8. Be3 Be6 9. Qd2 Nbd7 10. O-O-O Be7 11. Kb1 Qc7 12. Nd5 Nxd5 13. exd5 Bf5 14.
Bd3 Bxd3 15. cxd3 g6 16. d4 O-O 17. h4 Qc4 18. g4 Nf6 19. dxe5 dxe5 20. d6 Rfd8 21.
Bc5 b6 22. Ba3 Bf8 23. g5 Ne8 24. Rc1 Qe6 25. Rhd1 Bxd6 26. Rc6 Qf5+ 27. Ka1 Be7 28. Qc1 Qxf3 29. Re1 Bxa3 30. bxa3 Ng7 0-1

[Event "Late-Titled-Tuesday-Blitz-October-03-2023"]
[Site "Chess.com"]
[Date "2023.10.03"]
[Round "6"]
[White "IngOscarArdila"]
[Black "arminmusovic"]
[Result "0-1"]
[WhiteElo "2335"]
[BlackElo "2512"]
[TimeControl "180+1"]
[EndTime "15:03:24 PDT"]
[Termination "arminmusovic won on time"]

1. d4 d5 2. c4 c5 3. Nf3 Nf6 4. e3 e6 5. Nc3 Nc6 6. dxc5 Bxc5 7.
Be2 O-O 8. O-O a6 9. b3 Re8 10. Bb2 Ba7 11. Rc1 d4 12. exd4 Nxd4 13. Nxd4 Bxd4 14.
Qc2 e5 15. Rcd1 Bg4 16. Ne4 Bf5 17. Bd3 Bg6 18. Bxd4 exd4 19. Nxf6+ Qxf6 20. Bxg6 hxg6 21. Rd3 Re4 22. Rf3 Qe5 23. Qd3 Re8 24. h3 g5 25.
g4 g6 26. Kg2 Qd6 27. Rd1 Qc6 28. b4 f5 29. b5 Qe6 30. gxf5 gxf5 31. c5 Qxa2 32.
bxa6 bxa6 33. c6 Qd5 34. c7 g4 35. hxg4 fxg4 36. Qxa6 gxf3+ 37. Kf1 Qe6 38. Qxe6+ R4xe6 0-1

[Event "Late-Titled-Tuesday-Blitz-October-03-2023"]
[Site "Chess.com"]
[Date "2023.10.03"]
[Round "6"]
[White "ARTHURMOTIVATOR"]
[Black "scandalgod"]
[Result "0-1"]
[WhiteElo "2326"]
[BlackElo "2478"]
[TimeControl "180+1"]
[EndTime "15:03:26 PDT"]
[Termination "scandalgod won on time"]

1. e4 e5 2. Nc3 Nf6 3. g3 d5 4. exd5 Nxd5 5. Bg2 Nxc3 6. bxc3 Nc6 7. Nf3 Bc5 8. O-O O-O 9. d3 Bb6 10. Re1 Bg4 11.
Qe2 f5 12. h3 Bh5 13. Be3 Qf6 14. Bxb6 axb6 15. Qe3 f4 16. gxf4 exf4 17. Qe4 Ra3 18. c4 Kh8 19. Ne5 f3 20. Bxf3 Ra5 21. Ng4 Bxg4 22.
hxg4 Re5 23. g5 Qxf3 24. Qxf3 Rxf3 25. Rxe5 Nxe5 26. Re1 Rf5 27. Re3 Rxg5+ 28. Kf1 Rf5 29. f4 Rxf4+ 30. Ke1 Rf5 31. d4 Ng6 32. a4 h5 33. Kd2 h4 34. Re4 Rh5 35. Ke2 h3 0-1

[Event "Late-Titled-Tuesday-Blitz-October-03-2023"]
[Site "Chess.com"]
[Date "2023.10.03"]
[Round "6"]
[White "ContrVersia"]
[Black "Polish_fighter3000"]
[Result "0-1"]
[WhiteElo "2872"]
[BlackElo "3073"]
[TimeControl "180+1"]
[EndTime "15:03:27 PDT"]
[Termination "Polish_fighter3000 won on time"]

1. Nf3 f5 2. d3 d6 3. e4 e5 4.
Nc3 c5 5. g3 Nc6 6. Bh3 g6 7.
exf5 Nf6 8. Bg5 Be7 9. Nh4 Nd4 10.
Bg2 gxf5 11. Ne2 Nc6 12. Nc3 Be6 13. Bxf6 Bxf6 14. Qh5+ Bf7 15. Qh6 Bg5 16. Qg7 Bf6 17. Qh6 Nd4 18. Nd5 Bg5 19. Nc7+ Qxc7 20. Qxg5 Nxc2+ 21.
Kd2 Rg8 22. Qf6 Nxa1 23. Nxf5 Rg6 24. Qh8+ Bg8 25. Rxa1 O-O-O 26. Bh3 Be6 0-1

[Event "Late-Titled-Tuesday-Blitz-October-03-2023"]
[Site "Chess.com"]
[Date "2023.10.03"]
[Round "6"]
[White "chessmoo"]
[Black "filipluczak05"]
[Result "0-1"]
[WhiteElo "2463"]
[BlackElo "2608"]
[TimeControl "180+1"]
[EndTime "15:03:29 PDT"]
[Termination "filipluczak05 won by checkmate"]

1. c4 g6 2. g3 Bg7 3. Bg2 Nf6 4. Nc3 O-O 5. d4 d6 6. h3 e5 7. Nf3 Nc6 8. Be3 Re8 9. dxe5 Nxe5 10. Nxe5 Rxe5 11. Bd4 Re8 12. O-O c5 13. Bxf6 Bxf6 14. Rc1 Be6 15. b3 Qd7 16. Kh2 Rad8 17. Qd2 h5 18. h4 Qe7 19. Rfd1 a6 20. Kg1 g5 21. hxg5 Bxg5 22. f4 Bf6 23. Ne4 Bg7 24. Ng5 Bg4 25. Re1 Bd4+ 26. Kh2 Be3 27. Qd3 f5 28. Bd5+ Kh8 29.
Nf7+ Kg7 30. Rcd1 h4 31. Qc3+ Kg6 32. Nxd8 hxg3+ 33. Kxg3 Qh4+ 34. Kxh4 Bf2+ 35. Qg3 Rh8# 0-1

[Event "Late-Titled-Tuesday-Blitz-October-03-2023"]
[Site "Chess.com"]
[Date "2023.10.03"]
[Round "6"]
[White "Russian_berezka"]
[Black "KaydenTroffChess"]
[Result "0-1"]
[WhiteElo "2640"]
[BlackElo "2758"]
[TimeControl "180+1"]
[EndTime "15:03:30 PDT"]
[Termination "KaydenTroffChess won by resignation"]

1. d4 Nf6 2. Nc3 d5 3. Bf4 g6 4.
Qd2 h6 5. O-O-O Bg7 6. f3 Nh5 7.
Be3 c6 8. g4 Nf6 9. h4 Qa5 10.
Kb1 Nbd7 11. Bf4 Nb6 12. e4 dxe4 13. Nxe4 Qxd2 14. Nxf6+ Bxf6 15. Rxd2 Be6 16. c3 O-O-O 17. Nh3 Bxh4 18. Bd3 h5 19. g5 Nd5 20. Be5 Rhg8 21.
Rg2 f6 22. gxf6 exf6 23. Bg3 Bxg3 24. Rxg3 Bxh3 25. Rhxh3 Nf4 26. Bc4 Nxh3 27. Bxg8 Nf4 28. Bf7 h4 29. Rg1 g5 30. Kc2 Rd7 31. Bc4 Re7 32.
Bd3 Re3 33. Be4 Re2+ 34. Kb3 h3 35. a4 h2 36. Rh1 Nh5 37. Bd3 Rf2 38. Re1 Ng3 39. Re7 h1=Q 40. Re8+ Kd7 41. Rb8 Kc7 42. Re8 Qd1+ 43. Kc4 Qxa4+ 44. b4 Qa2+ 0-1

[Event "Late-Titled-Tuesday-Blitz-October-03-2023"]
[Site "Chess.com"]
[Date "2023.10.03"]
[Round "6"]
[White "tantaan"]
[Black "SanchezKelvin"]
[Result "0-1"]
[WhiteElo "2407"]
[BlackElo "2576"]
[TimeControl "180+1"]
[EndTime "15:03:30 PDT"]
[Termination "SanchezKelvin won on time"]

1. d4 Nf6 2. c4 e6 3. Nc3 Bb4 4. f3 c5 5. d5 b5 6. e4 exd5 7.
cxd5 a6 8. a4 Bb7 9. Nh3 Nxd5 10. exd5 O-O 11. Be2 Qh4+ 12. Nf2 c4 13. O-O Bd6 14.
Nh3 Re8 15. axb5 h6 16. Ne4 Be5 17. f4 Bc7 18. Nc5 Bb6 19. Kh1 Bxc5 20. Bxc4 d6 21. bxa6 Nxa6 22. Bd2 Nc7 23. Rxa8 Bxa8 24. Be1 Qe7 25.
Bc3 Qd7 26. f5 Nb5 27. Bxb5 Qxb5 28. Rf3 Re4 29. Rg3 f6 30. Bxf6 g5 0-1

[Event "Late-Titled-Tuesday-Blitz-October-03-2023"]
[Site "Chess.com"]
[Date "2023.10.03"]
[Round "6"]
[White "Danishcrown"]
[Black "FM_Kappeler"]
[Result "1-0"]
[WhiteElo "2159"]
[BlackElo "2283"]
[TimeControl "180+1"]
[EndTime "15:03:31 PDT"]
[Termination "Danishcrown won on time"]

1. d4 Nf6 2. Bf4 d5 3. e3 c5 4. c3 Nc6 5. Nd2 e6 6. Ngf3 Qb6 7. Qb3 Be7 8. Be2 O-O 9. O-O Na5 10. Qc2 Bd7 11. Ne5 Bb5 12. Bxb5 Qxb5 13. c4 dxc4 14. Ndxc4 Nxc4 15. Nxc4 Rac8 16. Bd6 cxd4 17. Bxe7 Rxc4 18. Qb3 Qc6 19. Bxf8 Kxf8 20. exd4 Ne4 21. Qa3+ Kg8 22. Qxa7 h5 23. Qb8+ Kh7 24. Qe5 g6 25. Rfe1 Nd6 26.
Rad1 Rc2 27. d5 Qc5 28. Qe3 1-0

[Event "Late-Titled-Tuesday-Blitz-October-03-2023"]
[Site "Chess.com"]
[Date "2023.10.03"]
[Round "6"]
[White "chesskov1982"]
[Black "mishanick"]
[Result "1-0"]
[WhiteElo "2847"]
[BlackElo "3004"]
[TimeControl "180+1"]
[EndTime "15:03:33 PDT"]
[Termination "chesskov1982 won by resignation"]

1. d4 Nf6 2. c4 e6 3. Nf3 d5 4. Nc3 Nbd7 5. cxd5 exd5 6. Bg5 h6 7. Bh4 c6 8. e3 g5 9. Bg3 Nh5 10. Be5 Nxe5 11. Nxe5 Nf6 12. Bd3 Bd6 13. O-O Bxe5 14.
dxe5 Ng4 15. Be2 Nxe5 16. Qd4 Ng6 17. e4 dxe4 18. Qxd8+ Kxd8 19. Nxe4 Kc7 20. Bc4 Ne5 21. Bb3 Bf5 22. f4 gxf4 23. Rxf4 Bg6 24. Nf6 Rad8 25. Rf2 Rd6 26. Raf1 Kb6 27. Re2 Bd3 28. Rxe5 Bxf1 29.
Ne4 Rdd8 30. Kxf1 Rhe8 31. Rxe8 Rxe8 32. Nd6 Rf8 33. Nxf7 a5 34. Kg1 a4 35. Be6 Kc5 36.
g4 Re8 37. Bf5 Re2 38. Nxh6 Kd6 39. g5 Ke5 40. Bg4 Rxb2 41. Nf7+ Kf4 42. g6 Re2 43. Bxe2 1-0

[Event "Late-Titled-Tuesday-Blitz-October-03-2023"]
[Site "Chess.com"]
[Date "2023.10.03"]
[Round "6"]
[White "ArtemDyachuk"]
[Black "Byniolus"]
[Result "1-0"]
[WhiteElo "2691"]
[BlackElo "2750"]
[TimeControl "180+1"]
[EndTime "15:03:34 PDT"]
[Termination "ArtemDyachuk won by checkmate"]

1. e4 d6 2. d4 Nf6 3. Nc3 c6 4. h3 b5 5. Bd3 e5 6. dxe5 dxe5 7.
Nf3 Nbd7 8. O-O Be7 9. a4 b4 10. Ne2 O-O 11. b3 Re8 12. Ng3 Bf8 13. Bb2 Qc7 14.
Bc4 h6 15. Qe2 Nb6 16. Bd3 a5 17. Nh4 g6 18. f4 exf4 19. Bxf6 fxg3 20. e5 Nd5 21.
Nxg6 fxg6 22. Bxg6 Nxf6 23. Bxe8 Nxe8 24. Qc4+ Kg7 25. e6 Bxe6 26. Qxe6 Nd6 27. Rf3 Kh8 28. Raf1 Bg7 29. Kh1 Re8 30. Qg6 Qe7 31. Rxg3 Ne4 32. Rgf3 c5 33. Rf7 Qe6 34. Qxg7# 1-0

[Event "Late-Titled-Tuesday-Blitz-October-03-2023"]
[Site "Chess.com"]
[Date "2023.10.03"]
[Round "6"]
[White "chosenpr"]
[Black "Deeper44"]
[Result "1-0"]
[WhiteElo "2252"]
[BlackElo "2536"]
[TimeControl "180+1"]
[EndTime "15:03:36 PDT"]
[Termination "chosenpr won by resignation"]

1. e4 e6 2. d4 d5 3. Nd2 Be7 4. Bd3 c5 5. dxc5 Nf6 6. exd5 exd5 7. Ngf3 O-O 8. O-O Bxc5 9. Nb3 Bb6 10. h3 Ne4 11. c3 Re8 12. Nfd4 Nc6 13. Be3 Qh4 14. Qf3 Bd7 15. Rfe1 Ne5 16. Qe2 Nxd3 17. Qxd3 a5 18. Nf3 Qf6 19. Bxb6 Qxb6 20. Qd4 Qxd4 21. Nbxd4 a4 22.
a3 g5 23. Rad1 g4 24. hxg4 Bxg4 25. Re3 f5 26. g3 Ng5 27. Rde1 Rxe3 28. Rxe3 Ne4 29.
Ne5 Ng5 30. f3 Bh5 31. Nxf5 Re8 32. Kf2 Re6 33. g4 Bg6 34. Nxg6 Rxg6 35. Ne7+ Kf7 36. Nxg6 hxg6 37. Re5 Ne6 38. Rxd5 Nf4 39. Rd7+ Ke6 40. Rxb7 Kd6 41. Rb6+ Kc5 42. Rb4 Nd3+ 43. Ke3 Nxb4 44.
cxb4+ Kc4 45. Kf4 Kb3 46. b5 Kxb2 47. b6 Ka2 48. b7 Kxa3 49. b8=Q Ka2 50. Qa7 a3 51.
Kg5 Kb2 52. Kxg6 a2 53. Qxa2+ Kxa2 54. f4 Kb3 55. f5 1-0

[Event "Late-Titled-Tuesday-Blitz-October-03-2023"]
[Site "Chess.com"]
[Date "2023.10.03"]
[Round "6"]
[White "familijatop71"]
[Black "rikchessmx"]
[Result "0-1"]
[WhiteElo "2166"]
[BlackElo "2336"]
[TimeControl "180+1"]
[EndTime "15:03:36 PDT"]
[Termination "rikchessmx won on time"]

1. e4 c5 2. Nf3 e6 3. d4 c4 4. Bxc4 a6 5. a4 b6 6. c3 Bb7 7. Bd3 d6 8. O-O Be7 9. Re1 Qc7 10. Nbd2 Nd7 11. Nf1 e5 12. Ng3 Ngf6 13. Nf5 Bf8 14. Bg5 h6 15. Bh4 g6 16. Bxf6 Nxf6 17. dxe5 dxe5 18.
Ne3 Bg7 19. Nc4 Nd7 20. h3 O-O 21. Qe2 Rfd8 22. Rad1 Nf8 23. Bb1 Ne6 24. Ba2 Nf4 25. Qf1 b5 26. Ne3 Bxe4 27. Nh2 Bd3 28. Rxd3 Nxd3 29.
Re2 bxa4 30. Nf3 Rab8 31. g3 Rxb2 32. Rxb2 Nxb2 33. Qb1 a3 34. h4 Kf8 35. h5 Nd3 36.
hxg6 fxg6 37. Qb3 Ke7 38. Qe6+ Kf8 39. Qg8+ Ke7 40. Qxg7+ Kd6 41. Qxg6+ Kc5 42. Qe4 Kb6 43. Nc4+ Ka7 44. Nfxe5 Nxe5 45. Nxe5 Rc8 46. Bd5 Qxc3 47.
Nc6+ Kb6 48. Qe3+ Qc5 49. Qxc5+ Kxc5 50. Bg2 Rxc6 51. f4 a2 52. Kh2 a1=Q 0-1

[Event "Late-Titled-Tuesday-Blitz-October-03-2023"]
[Site "Chess.com"]
[Date "2023.10.03"]
[Round "6"]
[White "Hirna2005"]
[Black "Yushko_Olga"]
[Result "1-0"]
[WhiteElo "2301"]
[BlackElo "2109"]
[TimeControl "180+1"]
[EndTime "15:03:38 PDT"]
[Termination "Hirna2005 won on time"]

1. e4 e6 2. d4 d5 3. e5 c5 4. c3 Nc6 5. Be3 Qb6 6. Qd2 cxd4 7.
cxd4 Bb4 8. Nc3 Bd7 9. Nf3 Rc8 10. Rc1 Na5 11. Bd3 Nc4 12. Bxc4 Rxc4 13. O-O f6 14. Rfd1 fxe5 15. Nxe5 Rc7 16. Qe2 Nf6 17. Bf4 O-O 18. Rd3 Ne4 19. Nxd7 Rxd7 20. Nxe4 Rxf4 21. Ng5 Rxd4 22. Rc8+ Bf8 23. Rxd4 e5 24. Qxe5 h6 25.
Rxf8+ Kxf8 26. Rf4+ 1-0

[Event "Late-Titled-Tuesday-Blitz-October-03-2023"]
[Site "Chess.com"]
[Date "2023.10.03"]
[Round "6"]
[White "YellowJacek"]
[Black "shirovin"]
[Result "1-0"]
[WhiteElo "2294"]
[BlackElo "2066"]
[TimeControl "180+1"]
[EndTime "15:03:38 PDT"]
[Termination "YellowJacek won on time"]

1. e4 c5 2. Nc3 d6 3. Nf3 Nf6 4. d4 cxd4 5. Nxd4 a6 6. h4 e6 7. h5 h6 8. f3 Be7 9. Be3 Nc6 10.
Qd2 Bd7 11. O-O-O Qc7 12. Kb1 O-O-O 13. g3 Nxd4 14. Bxd4 Kb8 15. Qf2 Rc8 16. Bb6 Qc6 17. Bg2 e5 18. f4 Be6 19. f5 Bd7 20. Bf3 Be8 21. Rd2 Nd7 22. Ba7+ Ka8 23. Nd5 Bd8 24. Be3 Nc5 25. Bxc5 dxc5 26. Rhd1 Ba5 27. c3 Bd8 28.
Be2 Bg5 29. Rc2 g6 30. f6 Rd8 31. Bc4 Ka7 32. Rf1 gxh5 33. Be2 Bd7 34. Ne7 Qc7 35.
Bxh5 Be6 36. c4 Rd4 37. Nd5 Bxd5 38. exd5 Re8 39. Re2 e4 40. Qf5 e3 41. b3 Rd2 42.
Rfe1 Rxe2 43. Rxe2 Qxg3 44. Bxf7 1-0

[Event "Late-Titled-Tuesday-Blitz-October-03-2023"]
[Site "Chess.com"]
[Date "2023.10.03"]
[Round "6"]
[White "TigrVShlyape"]
[Black "GMG"]
[Result "0-1"]
[WhiteElo "2941"]
[BlackElo "2769"]
[TimeControl "180+1"]
[EndTime "15:03:43 PDT"]
[Termination "GMG won on time"]

1. d4 f5 2. Nc3 Nf6 3. Bg5 d5 4.
e3 c5 5. Bxf6 exf6 6. dxc5 Be6 7. Nge2 Bxc5 8. Nf4 Bf7 9. Nfxd5 O-O 10. Bc4 Nc6 11.
O-O Rc8 12. a3 Ne5 13. Ba2 Kh8 14. Qe2 a6 15. Rfd1 Qe8 16. Nf4 g5 17. Bxf7 Qxf7 18. Nfd5 Rfe8 19. Rd2 h5 20. Rad1 b5 21. Nb4 f4 22.
Nxa6 fxe3 23. fxe3 Nc4 24. Nxc5 Nxd2 25. Rxd2 Rxc5 26.
Nxb5 Qg6 27. Nd6 Re6 28. c4 f5 29. Qd3 Rce5 30. Qd4 Kh7 31. Rd3 f4 32. e4 g4 0-1